 Dungeon Crawl Stone Soup version 0.23.1-41-g7e51ed3 (webtiles) character file.

Game seed: 11555074374226426734

13552 Borgoz the Protected (level 12, -4/106 HPs)
             Began as a Gargoyle Gladiator on Mar 29, 2019.
             Was a Follower of Ashenzari.
             Slain by a red ugly thing (13 damage)
             ... on level 11 of the Dungeon.
             The game lasted 00:24:06 (11316 turns).

Borgoz the Protected (Gargoyle Gladiator)          Turns: 11316, Time: 00:24:07

Health: -4/106     AC: 18    Str: 28    XL:     12   Next: 7%
Magic:  19/19      EV: 17    Int:  9    God:    Ashenzari [*.....]
Gold:   793        SH:  0    Dex: 15    Spells: 21/21 levels left

rFire    . . .     SeeInvis .   a - +6 dagger (elec)
rCold    + + .     Gourm    .   (no shield)
rNeg     + . .     Faith    .   B - +1 leather armour {rC+}
rPois    ∞         Spirit   .   c - +0 helmet
rElec    +         Reflect  .   M - +0 cloak
rCorr    .         Harm     .   i - +0 pair of gloves
MR       .....                  (no boots)
Stlth    ..........             w - amulet of regeneration (curse)
HPRegen  0.67/turn              l - ring of protection from cold
MPRegen  0.16/turn              Z - +4 ring of strength

@: berserking, very quick
A: negative energy resistance 1, electricity resistance, unbreathing,
petrification resistance, rot immunity, AC +8
a: Curse Item, Scrying, Renounce Religion


You were on level 11 of the Dungeon.
You worshipped Ashenzari.
Ashenzari was aware of your devotion.
You were not hungry.

You visited 2 branches of the dungeon, and saw 12 of its levels.
You also visited: Sewer.

You collected 793 gold pieces.

Inventory:

Hand Weapons
 a - a +6 dagger of electrocution (weapon)
 b - a +2 dagger of draining
 y - a +3 short sword
 A - a +0 rapier
 D - a +0 rapier
 E - a +0 rapier
 H - a +2 vampiric dagger
 Y - a +2 short sword of speed
Missiles
 d - 5 throwing nets (quivered)
 z - 8 javelins
 L - 11 tomahawks
Armour
 c - a +0 helmet (worn)
 i - a +0 pair of gloves (worn)
 B - a +1 leather armour of cold resistance (worn)
 M - a +0 cloak (worn)
Jewellery
 e - an uncursed amulet of faith
 g - an uncursed ring of flight
 j - a +3 amulet of reflection
 l - a ring of protection from cold (left hand)
 w - a cursed amulet of regeneration (around neck)
 W - an uncursed ring of resist corrosion
 Z - a +4 ring of strength (right hand)
Wands
 s - a wand of flame (52)
 G - a wand of acid (2)
 J - a wand of paralysis (2)
 K - a wand of iceblast (8)
 Q - a wand of enslavement (3)
Scrolls
 k - 9 scrolls of teleportation
 q - 2 scrolls of fear
 x - 2 scrolls of amnesia
 C - 3 scrolls of enchant weapon {unknown}
 I - a scroll of magic mapping
 N - 3 scrolls of remove curse
 R - a scroll of holy word {unknown}
 T - a scroll of torment {unknown}
 U - 3 scrolls of random uselessness {unknown}
 V - a scroll of blinking
Potions
 h - 9 potions of might
 m - 2 potions of flight {unknown}
 n - 6 potions of mutation
 o - a potion of magic
 p - a potion of berserk rage
 r - a potion of haste {unknown}
 t - a potion of heal wounds {unknown}
 u - a potion of curing
 v - 2 potions of resistance
 F - 2 potions of brilliance {unknown}
 O - a potion of ambrosia {unknown}
 X - 2 potions of lignification {unknown}
Comestibles
 f - 17 rations
 S - 10 chunks of flesh


   Skills:
 + Level 6.9 Fighting
 * Level 8.3 Short Blades
 - Level 5.0 Throwing
 + Level 8.7 Armour
 * Level 7.5 Dodging
 + Level 6.9 Stealth
 - Level 5.0 Spellcasting
 - Level 5.0 Evocations


You had 21 spell levels left.
You didn't know any spells.
Your spell library contained the following spells:

 Spells                   Type           Power        Failure   Level  Hunger
 Recall                   Summ/Tloc      N/A          63%         3    ###....
 Animate Dead             Necr           N/A          95%         4    #####..
 Borgnjor's Vile Clutch   Necr/Erth      #.........   100%        5    ######.
 Death Channel            Necr           #.........   100%        6    #######
 Simulacrum               Ice/Necr       #.........   100%        6    #######


Dungeon Overview and Level Annotations

Branches:
Dungeon (11/15)            Temple (1/1) D:7            Lair (0/6) D:10
    Orc (0/2) D:10

Altars:
Ashenzari
Cheibriados
Dithmenos
Elyvilon
Fedhas
Gozag
Hepliaklqana
Kikubaaqudgha
Makhleb
Nemelex Xobeh
Okawaru
Qazlal
Ru
Sif Muna
Trog
Uskayaw
Vehumet
Wu Jian
Xom
Yredelemnul
Zin
The Shining One

Annotations:
D:11 3 runed translucent doors, Kairos's ghost, novice HOMo


Innate Abilities, Weirdness & Mutations

You are resistant to torment.
Your stone body is resilient. (AC +8)
You are immune to poison.
You resist negative energy. (rN+)
You are resistant to electric shocks. (rElec)
You can survive without breathing.
You are immune to petrification.
You are immune to rotting.


Message History

Lightning courses through the red ugly thing!
The red ugly thing is heavily wounded.
The red ugly thing kicks you!
You are engulfed in flames!!
You are too injured to fight recklessly!
You are too injured to fight recklessly!
You are too injured to fight recklessly!
A red film seems to cover your vision as you go berserk!
You feel yourself moving faster!
You feel mighty! The red ugly thing kicks you.
* * * LOW HITPOINT WARNING * * *
You are engulfed in flames!!
* * * LOW HITPOINT WARNING * * *
Your leather armour prevents you from hitting the red ugly thing.
The red ugly thing is moderately wounded.
You puncture the red ugly thing!
Lightning courses through the red ugly thing!
The red ugly thing is severely wounded.
The red ugly thing kicks you.
* * * LOW HITPOINT WARNING * * *
You are engulfed in flames!
You die...

##### #...######
###..%#....
#...u...###.##########
#....@?............)).
#.......###.##########
###...#.....# #
...........### #####
#####.####.# #.... #.
#.# #.... #.
#.########..##
#.####.##))(.....#
#.......††)#####<.#


You could see a red ugly thing.

Vanquished Creatures
  Josephine (D:10)
  Erica (D:11)
  A hydra (shapeshifter) (D:9)
  A centaur warrior (D:11)
  An ugly thing (D:11)
  Joseph (D:7)
  A troll (D:11)
  A merfolk (D:9)
  A hornet (D:9)
  4 hippogriffs
  2 wyverns
  4 wraiths (D:10)
  4 yaks (D:10)
  Eustachio (D:6)
  2 hungry ghosts
  2 steam dragons
  Edmund (D:6)
  2 porcupines (D:10)
  6 orc warriors
  4 sky beasts
  2 ice beasts
  3 black bears
  An eye of draining (D:10)
  2 phantoms
  13 centaurs
  Blork the orc (D:9)
  6 big kobolds
  6 bullfrogs
  A wyvern skeleton (D:10)
  3 scorpions
  2 jellies
  8 killer bees
  11 howler monkeys
  A crimson imp (D:9)
  3 centaur zombies
  2 bullfrog zombies
  7 orc wizards
  2 bullfrog skeletons
  5 orc priests
  4 hounds
  4 iguanas
  8 worker ants
  A hound skeleton (D:4)
  13 adders
  3 gnolls (D:3)
  2 river rats
  6 shadow imps
  3 oozes
  3 adder zombies
  2 adder skeletons
  3 worms
  4 dart slugs
  7 leopard geckos
  40 orcs
  9 bats
  2 bat zombies (D:4)
  3 giant cockroaches
  4 goblins
  12 hobgoblins
  13 jackals
  53 kobolds
  3 quokkas
  5 ball pythons (Sewer)
  8 frilled lizards
  13 rats
  2 rat zombies (D:4)
350 creatures vanquished.

Vanquished Creatures (others)
  A goblin (D:3)
  2 fungi (D:10)
3 creatures vanquished.

Grand Total: 353 creatures vanquished

Notes
Turn   | Place    | Note
-------+----------+-------------------------------------------
     0 | D:1      | Borgoz the Gargoyle Gladiator began the quest for the Orb.
     0 | D:1      | Reached XP level 1. HP: 12/12 MP: 1/1
   279 | D:1      | Reached XP level 2. HP: 15/17 MP: 2/2
   883 | D:1      | Reached skill level 1 in Armour
  1041 | D:2      | Reached XP level 3. HP: 12/22 MP: 3/3
  1058 | D:2      | Reached skill level 1 in Stealth
  1336 | D:2      | Reached XP level 4. HP: 26/27 MP: 5/5
  1678 | D:3      | Found an iron altar of Okawaru.
  1801 | D:3      | Reached skill level 1 in Spellcasting
  1965 | D:3      | Found an ornate altar of the Wu Jian Council.
  2276 | D:3      | Noticed a big kobold
  2296 | D:3      | Killed a big kobold
  2296 | D:3      | Reached XP level 5. HP: 23/32 MP: 6/6
  2347 | D:3      | Noticed a big kobold
  2363 | D:3      | Killed a big kobold
  2363 | D:3      | Reached XP level 6. HP: 26/37 MP: 6/8
  2889 | D:3      | Reached XP level 7. HP: 38/41 MP: 9/9
  3208 | D:4      | Reached skill level 1 in Evocations
  3227 | D:4      | Found an ancient bone altar of Kikubaaqudgha.
  3853 | D:4      | Found a shadowy altar of Dithmenos.
  3928 | D:4      | Found a glowing golden altar of the Shining One.
  4070 | D:4      | Found a basalt altar of Yredelemnul.
  4072 | D:4      | Noticed a profane servitor
  4135 | D:4      | Found a blossoming altar of Fedhas.
  4262 | D:4      | Noticed an angel
  4323 | D:5      | Entered Level 5 of the Dungeon
  4352 | D:5      | Reached XP level 8. HP: 46/46 MP: 11/11
  4477 | D:5      | Found a hazy altar of Hepliaklqana.
  4576 | D:5      | Found a glowing drain.
  4580 | Sewer    | Entered a sewer
  5521 | D:6      | Noticed Edmund
  5549 | D:6      | Killed Edmund
  5574 | D:6      | Found a glowing silver altar of Zin.
  5574 | D:6      | Found a shattered altar of Ashenzari.
  5579 | D:6      | Found a radiant altar of Vehumet.
  5587 | D:6      | Became a worshipper of Ashenzari the Shackled
  5619 | D:6      | Noticed Eustachio
  5645 | D:6      | Killed Eustachio
  5765 | D:6      | Noticed a wyvern
  5786 | D:6      | Killed a wyvern
  5786 | D:6      | Reached skill level 5 in Armour
  5954 | D:6      | Reached skill level 5 in Short Blades
  6004 | D:6      | Reached XP level 9. HP: 28/52 MP: 13/13
  6337 | D:7      | Found an opulent altar of Gozag.
  6797 | D:7      | Reached skill level 5 in Dodging
  6976 | D:7      | Noticed Joseph
  6989 | D:7      | Killed Joseph
  7219 | D:7      | Found a staircase to the Ecumenical Temple.
  7387 | Temple   | Entered the Ecumenical Temple
  7829 | D:8      | Reached skill level 5 in Fighting
  7829 | D:8      | Reached XP level 10. HP: 59/59 MP: 15/15
  8023 | D:8      | Reached skill level 5 in Stealth
  8709 | D:9      | Reached * piety under Ashenzari
  9435 | D:9      | Noticed Blork the orc
  9453 | D:9      | Found a deep blue altar of Sif Muna.
  9466 | D:9      | Killed Blork the orc
  9734 | D:10     | Entered Level 10 of the Dungeon
  9881 | D:10     | Noticed a five-headed hydra
  9903 | D:9      | Killed a five-headed hydra
  9903 | D:9      | Reached skill level 5 in Throwing
  9903 | D:9      | Reached XP level 11. HP: 16/64 MP: 7/17
 10053 | D:10     | Found a staircase to the Orcish Mines.
 10224 | D:10     | Noticed Josephine
 10310 | D:10     | Killed Josephine
 10710 | D:10     | Found a staircase to the Lair.
 10885 | D:11     | Noticed a centaur warrior
 10902 | D:11     | Killed a centaur warrior
 10902 | D:11     | Reached skill level 5 in Spellcasting
 11014 | D:11     | Noticed a brown ugly thing
 11018 | D:11     | Killed a brown ugly thing
 11029 | D:11     | Noticed Erica
 11051 | D:11     | Killed Erica
 11186 | D:11     | Found a runed translucent gate.
 11186 | D:11     | Found a runed translucent gate.
 11186 | D:11     | Found a runed translucent gate.
 11187 | D:11     | Noticed Kairos's ghost (novice HOMo)
 11187 | D:11     | Noticed a centaur warrior
 11187 | D:11     | Noticed a deep elf high priest
 11195 | D:11     | Reached XP level 12. HP: 71/71 MP: 19/19
 11203 | D:11     | Reached skill level 5 in Evocations
 11316 | D:11     | Slain by a red ugly thing

Skill      XL: |  1  2  3  4  5  6  7  8  9 10 11 12 |
---------------+-------------------------------------+-----
Armour         | 1 2 3 5 6 7 8 |  8.7
Throwing       | 2 3 4 5 |  5.0
Stealth        | 1 2 3 4 5 6 |  6.9
Short Blades   | 3 4 5 7 8 |  8.3
Spellcasting   | 1 2 3 4 5 |  5.0
Dodging        | 3 4 5 6 7 |  7.5
Fighting       | 3 4 5 6 |  6.9
Evocations     | 1 2 3 4 5 |  5.0

Action                   |  1- 3 |  4- 6 |  7- 9 | 10-12 || total
-------------------------+-------+-------+-------+-------++-------
Melee: Rapier            |    96 |       |       |       ||    96
       Short sword       |    29 |   237 |   220 |    17 ||   503
       Dagger            |       |       |   576 |   841 ||  1417
Invok: Curse Item        |       |       |     1 |       ||     1
Evoke: Wand              |       |       |     4 |    20 ||    24
  Use: Potion            |     1 |       |     1 |     2 ||     4
       Scroll            |       |       |    10 |     2 ||    12
 Stab: Sleeping          |     1 |       |    14 |     9 ||    24
       Paralysed         |       |       |       |     1 ||     1
       Distracted        |       |       |       |     1 ||     1
  Eat: Chunk             |     1 |     5 |    10 |    18 ||    34
       Ration            |       |       |     3 |       ||     3
Armor: Leather armour    |    58 |    74 |   273 |   357 ||   762
Dodge: Dodged            |    74 |   125 |   396 |   604 ||  1199
Block: Other             |    10 |    24 |    29 |       ||    63
       Reflection        |       |     4 |       |       ||     4
